PIO (24 & UNDER)
SALEM SLEDGEHAMMERS @ SURREY SINNERS
10/03/2026
 
TOP OF THE 1ST
Salem Sledgehammers batting - Pitching for Surrey Sinners : RHP Bill Chase
Pitching: RHP Bill Chase
Batting: RHB Luis Bustamante 0-0: Fly out, F6 (Line Drive, 6)
Batting: LHB José Rivera 0-0: Called Strike
0-1: Ball
1-1: Foul Ball, location: 2F
1-2: Ball
2-2: Fly out, F4 (Line Drive, 4)
Batting: LHB Nathan Frey 0-0: Foul Ball, location: 2F
0-1: Ball
1-1: Foul Ball, location: 2F
1-2: Strikes out looking
Top of the 1st over - 0 run(s), 0 hit(s), 0 error(s), 0 left on base; Salem 0 - Surrey 0
BOTTOM OF THE 1ST
Surrey Sinners batting - Pitching for Salem Sledgehammers : RHP Carlos Morán
Pitching: RHP Carlos Morán
Batting: RHB Eugene Booth 0-0: Swinging Strike
0-1: Swinging Strike
0-2: Ball
1-2: Ball
2-2: Strikes out swinging
Batting: RHB Jesús Lara 0-0: Called Strike
0-1: Foul Ball, location: 2F
0-2: Strikes out swinging
Batting: RHB Clint Younger 0-0: Called Strike
0-1: Ball
1-1: Swinging Strike
1-2: Foul Ball, location: 2F
1-2: Strikes out looking
Bottom of the 1st over - 0 run(s), 0 hit(s), 0 error(s), 0 left on base; Salem 0 - Surrey 0
TOP OF THE 2ND
Salem Sledgehammers batting - Pitching for Surrey Sinners : RHP Bill Chase
Batting: SHB Enrique Uribe 0-0: Ground out 5-3 (Groundball, 5)
Batting: RHB Bobby Miller 0-0: SINGLE (Line Drive, 6MD)
Batting: SHB Júlio Salazar 0-0: Called Strike
0-1: Ball
1-1: Ball
2-1: Called Strike
2-2: Fielders Choice at 2nd, 6-4 (Groundball, 6M)
Batting: RHB Patrick Daniels 0-0: Ball
1-0: Ball
2-0: Ball
3-0: Called Strike
3-1: DOUBLE (Flyball, 8RXD)
Júlio Salazar to third
Runner from 3rd tries for Home, SAFE, no throw or cutoff
Batting: LHB Caleb Hall 0-0: Ball
1-0: Called Strike
1-1: Called Strike
1-2: Foul Ball, location: 2F
1-2: Foul Ball, location: 2F
1-2: Strikes out looking
Top of the 2nd over - 1 run(s), 2 hit(s), 0 error(s), 1 left on base; Salem 1 - Surrey 0
BOTTOM OF THE 2ND
Surrey Sinners batting - Pitching for Salem Sledgehammers : RHP Carlos Morán
Batting: RHB Ramón Molina 0-0: Ground out 5-3 (Groundball, 56)
Batting: LHB Buddy Rice 0-0: Ground out 6-3 (Groundball, 6)
Batting: RHB Cooper Richard 0-0: SINGLE (Groundball, 6)
Batting: RHB Augusto Trevino 0-0: Called Strike
0-1: Called Strike
0-2: Ball
1-2: Ball
2-2: Ground out 4-3 (Groundball, 4)
Bottom of the 2nd over - 0 run(s), 1 hit(s), 0 error(s), 1 left on base; Salem 1 - Surrey 0
TOP OF THE 3RD
Salem Sledgehammers batting - Pitching for Surrey Sinners : RHP Bill Chase
Batting: RHB Lakota O'Reilly 0-0: Swinging Strike
0-1: Ball
1-1: Fly out, F3 (Popup, 3F)
Batting: RHB Luis Bustamante 0-0: Ball
1-0: Ball
2-0: Called Strike
2-1: Ball
3-1: Swinging Strike
3-2: Fly out, F8 (Flyball, 8RD)
Batting: LHB José Rivera 0-0: Called Strike
0-1: Ball
1-1: Foul Ball, location: 2F
1-2: Ball
2-2: Ball
3-2: Base on Balls
Batting: LHB Nathan Frey 0-0: Called Strike
0-1: SINGLE (Flyball, 89S)
José Rivera to second
Runner from 2nd tries for 3rd, SAFE, no throw or cutoff
Batting: SHB Enrique Uribe 0-0: Called Strike
0-1: Ball
1-1: Ground out U3 (Groundball, 3L)
Top of the 3rd over - 0 run(s), 1 hit(s), 0 error(s), 2 left on base; Salem 1 - Surrey 0
BOTTOM OF THE 3RD
Surrey Sinners batting - Pitching for Salem Sledgehammers : RHP Carlos Morán
Batting: RHB Félix Castro 0-0: Called Strike
0-1: Ball
1-1: Swinging Strike
1-2: Foul Ball, location: 2F
1-2: Strikes out looking
Batting: RHB Ryan Parrish 0-0: Foul Ball, location: 2F
0-1: SINGLE (Line Drive, 8RS)
Batting: RHB Eugene Booth 0-0: Swinging Strike
0-1: Ball
1-1: Ball
Passed Ball!
Ryan Parrish to second
2-1: Swinging Strike
2-2: Foul Ball, location: 2F
2-2: Foul Ball, location: 2F
2-2: Strikes out swinging
Batting: RHB Jesús Lara 0-0: Called Strike
0-1: Ball
1-1: Ball
2-1: Called Strike
2-2: Ball
3-2: Ground out 6-3 (Groundball, 6M)
Bottom of the 3rd over - 0 run(s), 1 hit(s), 0 error(s), 1 left on base; Salem 1 - Surrey 0
TOP OF THE 4TH
Salem Sledgehammers batting - Pitching for Surrey Sinners : RHP Bill Chase
Batting: RHB Bobby Miller 0-0: Called Strike
0-1: Ball
1-1: Ball
2-1: Ground out 6-3 (Groundball, 6)
Batting: SHB Júlio Salazar 0-0: Ground out 4-3 (Groundball, 4M)
Batting: RHB Patrick Daniels 0-0: Swinging Strike
0-1: Called Strike
0-2: Ball
1-2: Strikes out looking
Top of the 4th over - 0 run(s), 0 hit(s), 0 error(s), 0 left on base; Salem 1 - Surrey 0
BOTTOM OF THE 4TH
Surrey Sinners batting - Pitching for Salem Sledgehammers : RHP Carlos Morán
Batting: RHB Clint Younger 0-0: Called Strike
0-1: Swinging Strike
0-2: Ball
1-2: Strikes out swinging
Batting: RHB Ramón Molina 0-0: Ball
1-0: Foul Ball, location: 2F
1-1: Ball
2-1: Ground out 6-3 (Groundball, 6M)
Batting: LHB Buddy Rice 0-0: Swinging Strike
0-1: Foul Ball, location: 2F
0-2: Ball
1-2: Ball
2-2: Foul Ball, location: 2F
2-2: Foul Ball, location: 2F
2-2: Foul Ball, location: 2F
2-2: Foul Ball, location: 2F
2-2: Fly out, F6 (Popup, 56D)
Bottom of the 4th over - 0 run(s), 0 hit(s), 0 error(s), 0 left on base; Salem 1 - Surrey 0
TOP OF THE 5TH
Salem Sledgehammers batting - Pitching for Surrey Sinners : RHP Bill Chase
Batting: LHB Caleb Hall 0-0: Ball
1-0: Foul Ball, location: 2F
1-1: Foul Ball, location: 2F
1-2: SOLO HOME RUN (Flyball, 89XD), Distance : 406 ft
Batting: RHB Lakota O'Reilly 0-0: Reached on error, E5 (Groundball, 56)
Batting: RHB Luis Bustamante 0-0: Called Strike
Lakota O'Reilly steals 2nd base
0-1: Called Strike
0-2: Ball
1-2: Strikes out swinging
Batting: LHB José Rivera 0-0: Intentional Walk
Batting: LHB Nathan Frey 0-0: Foul Ball, location: 2F
0-1: Ball
1-1: DOUBLE (Flyball, 8LXD)
Lakota O'Reilly scores
José Rivera to third
Runner from 3rd tries for Home, SAFE, no throw or cutoff
Batting: SHB Enrique Uribe 0-0: Ball
1-0: Ball
2-0: Foul Ball, location: 2F
2-1: Fly out, F8 (Flyball, 8LM)
Runner from 2nd tags up, SAFE at 3rd with throw
Batting: RHB Bobby Miller 0-0: Foul Ball, location: 2F
0-1: Called Strike
0-2: Foul Ball, location: 2F
0-2: Strikes out swinging
Top of the 5th over - 3 run(s), 2 hit(s), 1 error(s), 1 left on base; Salem 4 - Surrey 0
BOTTOM OF THE 5TH
Surrey Sinners batting - Pitching for Salem Sledgehammers : RHP Carlos Morán
Batting: RHB Cooper Richard 0-0: Swinging Strike
0-1: Ball
1-1: Ground out 1-3 (Groundball, 23)
Batting: RHB Augusto Trevino 0-0: Called Strike
0-1: Foul Ball, location: 2F
0-2: Foul Ball, location: 2F
0-2: Ball
1-2: Ball
2-2: Fly out, F9 (Popup, 34D)
Batting: RHB Félix Castro 0-0: Called Strike
0-1: Fly out, F8 (Flyball, 89D)
Bottom of the 5th over - 0 run(s), 0 hit(s), 0 error(s), 0 left on base; Salem 4 - Surrey 0
TOP OF THE 6TH
Salem Sledgehammers batting - Pitching for Surrey Sinners : RHP Bill Chase
Batting: SHB Júlio Salazar 0-0: Ball
1-0: Called Strike
1-1: Ball
2-1: Fly out, F7 (Flyball, 78S)
Pitching: RHP Ernest Ware
Batting: RHB Patrick Daniels 0-0: Fly out, F8 (Flyball, 89M)
Batting: LHB Caleb Hall 0-0: Fly out, F4 (Popup, 4M)
Top of the 6th over - 0 run(s), 0 hit(s), 0 error(s), 0 left on base; Salem 4 - Surrey 0
BOTTOM OF THE 6TH
Surrey Sinners batting - Pitching for Salem Sledgehammers : RHP Carlos Morán
Batting: RHB Ryan Parrish 0-0: Called Strike
0-1: Ground out 1-3 (Groundball, 23)
Batting: RHB Eugene Booth 0-0: Ball
1-0: Swinging Strike
1-1: Called Strike
1-2: Strikes out swinging
Batting: RHB Jesús Lara 0-0: Ball
1-0: Foul Ball, location: 2F
1-1: Swinging Strike
1-2: Ball
2-2: Strikes out swinging
Bottom of the 6th over - 0 run(s), 0 hit(s), 0 error(s), 0 left on base; Salem 4 - Surrey 0
TOP OF THE 7TH
Salem Sledgehammers batting - Pitching for Surrey Sinners : RHP Ernest Ware
Batting: RHB Lakota O'Reilly 0-0: Foul Ball, location: 2F
0-1: Called Strike
0-2: Strikes out swinging
Batting: RHB Luis Bustamante 0-0: Swinging Strike
0-1: Ball
1-1: Called Strike
1-2: SINGLE (Line Drive, 4MD)
Batting: LHB José Rivera 0-0: Called Strike
0-1: 2-RUN HOME RUN (Flyball, 9LD), Distance : 357 ft
Batting: LHB Nathan Frey 0-0: Called Strike
0-1: Ball
1-1: Swinging Strike
1-2: Foul Ball, location: 2F
1-2: Ball
2-2: Ball
3-2: SINGLE (Groundball, 56D)
Batting: SHB Enrique Uribe 0-0: Ball
1-0: Grounds into double play, 6-4-3 (Groundball, 6)
Top of the 7th over - 2 run(s), 3 hit(s), 0 error(s), 0 left on base; Salem 6 - Surrey 0
BOTTOM OF THE 7TH
Surrey Sinners batting - Pitching for Salem Sledgehammers : RHP Carlos Morán
Batting: RHB Clint Younger 0-0: Ball
1-0: Ball
2-0: Ball
3-0: Called Strike
3-1: Base on Balls
Pitching: LHP Sean Yarbrough
Batting: RHB Ramón Molina 0-0: Swinging Strike
0-1: Fly out, F9 (Line Drive, 89M)
Batting: LHB Buddy Rice 0-0: Ground out 2-3 (Groundball, 25)
Clint Younger to second
Batting: RHB Cooper Richard 0-0: Ball
1-0: Ball
2-0: Ball
3-0: Called Strike
3-1: Fly out, F6 (Line Drive, 6)
Bottom of the 7th over - 0 run(s), 0 hit(s), 0 error(s), 1 left on base; Salem 6 - Surrey 0
TOP OF THE 8TH
Salem Sledgehammers batting - Pitching for Surrey Sinners : RHP Ernest Ware
Batting: RHB Bobby Miller 0-0: Ball
1-0: Ball
2-0: Ball
3-0: Called Strike
3-1: Called Strike
3-2: Foul Ball, location: 2F
3-2: Strikes out swinging
Pitching: LHP Dennis Morales
Batting: SHB Júlio Salazar 0-0: Called Strike
0-1: Ball
1-1: SINGLE (Groundball, 34D)
Batting: RHB Patrick Daniels 0-0: SINGLE (Line Drive, 8LS)
Júlio Salazar to second
Batting: LHB Caleb Hall 0-0: Ball
1-0: Called Strike
1-1: Grounds into double play, U4-3 (Groundball, 4)
Top of the 8th over - 0 run(s), 2 hit(s), 0 error(s), 1 left on base; Salem 6 - Surrey 0
BOTTOM OF THE 8TH
Surrey Sinners batting - Pitching for Salem Sledgehammers : LHP Sean Yarbrough
Batting: RHB Augusto Trevino 0-0: Ball
1-0: Ball
2-0: Ball
3-0: Called Strike
3-1: Base on Balls
Batting: RHB Félix Castro 0-0: Called Strike
0-1: Ball
1-1: Foul Ball, location: 2F
1-2: Foul Ball, location: 2F
1-2: Ball
2-2: Foul Ball, location: 2F
2-2: Strikes out swinging
Batting: RHB Ryan Parrish 0-0: Ball
1-0: SINGLE (Line Drive, 78M)
Augusto Trevino to second
Batting: RHB Eugene Booth 0-0: Foul Ball, location: 2F
0-1: DOUBLE (Flyball, 89M)
Augusto Trevino scores
Ryan Parrish to third
Batting: RHB Jesús Lara 0-0: Ball
1-0: Called Strike
1-1: Ball
2-1: Foul Ball, location: 2F
2-2: Ball
3-2: Foul Ball, location: 2F
3-2: Base on Balls
Pitching: LHP Alberto Pagán
Batting: RHB Clint Younger 0-0: Ball
1-0: Called Strike
1-1: Ball
2-1: Foul Ball, location: 2F
2-2: Ball
3-2: Base on Balls
Ryan Parrish scores
Eugene Booth to third
Jesús Lara to second
Pitching: RHP Jesús Saragoza
Batting: RHB Ramón Molina 0-0: Called Strike
0-1: Foul Ball, location: 2F
0-2: Ball
1-2: Ball
2-2: Strikes out swinging
Pitching: LHP Pepe Gómez
Batting: LHB Buddy Rice 0-0: Called Strike
0-1: Foul Ball, location: 2F
0-2: Strikes out swinging
Bottom of the 8th over - 2 run(s), 2 hit(s), 0 error(s), 3 left on base; Salem 6 - Surrey 2
TOP OF THE 9TH
Salem Sledgehammers batting - Pitching for Surrey Sinners : LHP Dennis Morales
Batting: RHB Lakota O'Reilly 0-0: Ball
1-0: Ball
2-0: Ground out 6-3 (Groundball, 6)
Batting: RHB Luis Bustamante 0-0: Called Strike
0-1: Swinging Strike
0-2: Foul Ball, location: 2F
0-2: Ball
1-2: Ball
2-2: Ball
3-2: Strikes out swinging
Batting: LHB José Rivera 0-0: SINGLE (Line Drive, 89S)
Batting: LHB Nathan Frey 0-0: Called Strike
0-1: Swinging Strike
0-2: Ball
1-2: Foul Ball, location: 2F
1-2: Fly out, F5 (Popup, 5SF)
Top of the 9th over - 0 run(s), 1 hit(s), 0 error(s), 1 left on base; Salem 6 - Surrey 2
BOTTOM OF THE 9TH
Surrey Sinners batting - Pitching for Salem Sledgehammers : LHP Pepe Gómez
Pitching: RHP Claudio Cuevas
Batting: RHB Cooper Richard 0-0: Ball
1-0: SINGLE (Line Drive, 56)
Batting: RHB Augusto Trevino 0-0: Ball
1-0: Ball
2-0: Called Strike
2-1: Swinging Strike
2-2: Strikes out swinging
Batting: RHB Félix Castro 0-0: Ball
1-0: Called Strike
1-1: Foul Ball, location: 2F
1-2: Ball
2-2: Ball
3-2: Strikes out swinging
Cooper Richard steals 2nd base
Batter strikes out.
Batting: RHB Ryan Parrish 0-0: Foul Ball, location: 2F
0-1: Ball
1-1: Ball
2-1: Swinging Strike
2-2: Foul Ball, location: 2F
2-2: Strikes out swinging
Bottom of the 9th over - 0 run(s), 1 hit(s), 0 error(s), 1 left on base; Salem 6 - Surrey 2
Monday, December 5th, 2016 - OOTP Baseball 17.12 Build 75